 Dungeon Crawl Stone Soup version 0.30-a0-165-g1891117ce2 (webtiles) character file.

Game seed: 17594573500808879953

90 LnG the Caller (level 4, -1/24 HPs)
             Began as a Kobold Summoner on Sept 28, 2022.
             Slain by a black bear (8 damage)
             ... on level 2 of the Dungeon.
             The game lasted 00:04:57 (2057 turns).

LnG the Caller (Kobold Summoner)                    Turns: 2057, Time: 00:04:57

Health: -1/24      AC:  2    Str:  5    XL:     4   Next: 85%
Magic:  8/8        EV: 15    Int: 18    God:
Gold:   68         SH:  0    Dex: 15    Spells: 3/9 levels left

rFire   . . .      SeeInvis +    k - +1 dagger
rCold   . . .      Faith    .    (no shield)
rNeg    . . .      Spirit   .    a - +0 robe
rPois   .          Reflect  .    (no helmet)
rElec   .          Harm     .    (no cloak)
rCorr   .          Rampage  .    (no gloves)
Will    .....                    (no boots)
Stlth   +++.......               (no amulet)
HPRegen 0.08/turn                e - ring of see invisible
MPRegen 0.11/turn                (no ring)

@: lethally poisoned (-1 -> -2), weak-willed
A: small, no large weapons, nightstalker 3
a: no special abilities


You were on level 2 of the Dungeon.
You visited 1 branch of the dungeon, and saw 2 of its levels.

You collected 68 gold pieces.

Inventory:

Hand Weapons
 k - a +1 dagger (weapon)
Missiles
 c - a throwing net
Armour
 a - a +0 robe (worn)
Jewellery
 e - a ring of see invisible (left hand)
Scrolls
 n - a scroll of poison {unknown}
Potions
 b - a potion of magic
 f - a potion of mutation {unknown}
 g - a potion of ambrosia
 h - a potion of attraction {unknown}
 i - a potion of degeneration {unknown}
 m - a potion of lignification {unknown}
 o - a potion of flight {unknown}


   Skills:
 + Level 0.7 Fighting
 + Level 2.8 Dodging
 + Level 3.6 Stealth
 + Level 0.9 Unarmed Combat
 + Level 3.1 Spellcasting
 + Level 4.6 Summonings


You had 3 spell levels left.
You knew the following spells:

 Your Spells              Type           Power      Damage    Failure   Level
a - Summon Small Mammal   Summ           76%        N/A       2%          1
b - Call Imp              Summ           19%        N/A       3%          2
c - Call Canine Familiar  Summ           19%        N/A       7%          3

Your spell library contained the following spells:

 Spells                   Type           Power      Damage    Failure   Level
 Summon Guardian Golem    Hex/Summ       11%        N/A       19%         3
 Summon Lightning Spire   Summ/Air       11%        N/A       52%         4


Dungeon Overview and Level Annotations

Branches:
Dungeon (2/15)

Altars:


Innate Abilities, Weirdness & Mutations

You are small and have problems with some larger weapons.
You are completely attuned to the shadows.


Message History

You are more poisoned.
The adder poisons you! The rat closely misses you.
The black bear misses you. x3
Unknown command.
You barely miss the black bear.
The black bear is severely wounded.
You feel sick. The adder bites you. The rat bites you.
The black bear closely misses you. The black bear claws you.
The black bear closely misses you.
Unknown command.
You bump into the rock wall.
You feel sick. The adder barely misses you.
The rat bites you but does no damage. The black bear barely misses you. x2
The black bear completely misses you. The adder misses you.
Unknown command.
You bump into the rock wall.
You feel sick. The adder bites you but does no damage. The rat bites you.
The black bear bites you. The black bear closely misses you. x2
Unknown command.
You hit the black bear.
The black bear is severely wounded.
You feel less invigorated.
You feel less confused.
You feel sick. The adder barely misses you. The rat misses you.
The black bear misses you. The black bear barely misses you.
The black bear misses you.
You hit the black bear but do no damage.
The black bear is severely wounded.
You feel sick. The adder completely misses you. The rat bites you.
The black bear goes berserk!
Unknown command.
You hit the black bear.
The black bear is almost dead.
You feel sick. The adder closely misses you.
The black bear bites you but does no damage.
The black bear completely misses you.
The black bear claws you but does no damage.
The adder barely misses you. The rat bites you.
You hit the black bear.
The black bear is almost dead.
You feel sick. The black bear bites you!
You die...

#.# ##### #.#
#.#@#.### #.#
..)hSr...###.#
....†..#.....#
........####.#
...>...##
#.#### .......
#..... .....##
#.#...
......##
#.#.##
..##....#


You could see a black bear (berserk, weak-willed), an adder (weak-willed) and a
rat (weak-willed).

Vanquished Creatures
  Jessica (D:2)
  A worm (D:2)
  A dart slug (D:2)
  2 bats (D:1)
  An endoplasm (D:2)
  A goblin (D:2)
  2 hobgoblins
  2 frilled lizards (D:1)
  A rat (D:2)
12 creatures vanquished.

Vanquished Creatures (collateral kills)
  2 adders (D:2)
  A worm (D:2)
  A dart slug (D:1)
  A ball python (D:2)
  3 giant cockroaches (D:1)
  3 goblins (D:1)
  3 quokkas
  5 bats
  2 frilled lizards (D:1)
  A kobold (D:1)
  3 rats (D:1)
25 creatures vanquished.

Vanquished Creatures (others)
  2 plants (D:1)
2 creatures vanquished.

Grand Total: 39 creatures vanquished

Notes
Turn   | Place    | Note
-------+----------+-------------------------------------------
     0 | D:1      | LnG the Kobold Summoner began the quest for the Orb.
     0 | D:1      | Reached XP level 1. HP: 10/10 MP: 3/3
   163 | D:1      | Reached XP level 2. HP: 14/15 MP: 3/5
   209 | D:1      | Learned a level 2 spell: Call Imp
   804 | D:1      | Reached XP level 3. HP: 13/19 MP: 3/6
   808 | D:1      | Learned a level 3 spell: Call Canine Familiar
  1758 | D:2      | Noticed Jessica
  1761 | D:2      | Killed Jessica
  1762 | D:2      | Reached XP level 4. HP: 24/24 MP: 5/8
  2030 | D:2      | Noticed a black bear
  2045 | D:2      | HP: 1/24 [black bear (5)]
  2057 | D:2      | Slain by a black bear

Illustrated notes

Levels and vault maps discovered:
D:1:      dpeg_arrival_central, layout_rooms, serial_forest,
          infiniplex_forest_straight_4, infiniplex_forest_straight_1,
          infiniplex_forest_end_1, infiniplex_forest_clump_C,
          infiniplex_forest_end_2, infiniplex_forest_end_3
D:2:      layout_loops_ring, st_stairs_4, kennysheep_cross_bottleneck,
          kennysheep_jessica_study

Skill      XL: |  1  2  3 |
---------------+----------+-----
Stealth        | 3 |  3.6
Spellcasting   | 3 |  3.1
Fighting       | |  0.7
Dodging        | |  2.8
Unarmed Combat | |  0.9
Summonings     | |  4.6

Action                   |  1- 3 |  4- 6 || total
-------------------------+-------+-------++-------
Melee: Unarmed           |    82 |       ||    82
       Punch             |     2 |     1 ||     3
       Dagger            |    10 |    34 ||    44
 Cast: Summon Small Mamm |    10 |       ||    10
       Call Imp          |     9 |       ||     9
       Call Canine Famil |     3 |     2 ||     5
  Use: Scroll            |       |     2 ||     2
       Potion            |       |     2 ||     2
 Stab: Sleeping          |     5 |     3 ||     8
       Distracted        |     1 |       ||     1
Armor: Robe              |    12 |     8 ||    20
Dodge: Dodged            |   100 |    73 ||   173

Table legend: (Time is in decaauts)
 A = Elapsed time spent in this place.
 B = Non-inter-level travel time spent in this place.
 C = Inter-level travel time spent in this place.
 D = Time resting spent in this place.
 E = Time spent auto-exploring this place.
 F = Levels seen in this place.
 G = Mean time per level.
                   A        B        C        D        E       F      G
               +--------+--------+--------+--------+--------+-----+--------+
         Total |   2054 |   1986 |     68 |    419 |   1214 |   2 | 1027.0 |
       Dungeon |   2054 |   1986 |     68 |    419 |   1214 |   2 | 1027.0 |
               +--------+--------+--------+--------+--------+-----+--------+

Top non-repeatable levels by time:
     D:1: 1727 daAuts
     D:2: 326 daAuts
